 Dungeon Crawl Stone Soup version 0.28-a0-863-g8cecda6153 (webtiles) character file.

Game seed: 10281223354681142708

16 BlueGoblin the Skirmisher (level 2, -1/16 HPs)
             Began as a Vine Stalker Berserker on Nov 20, 2021.
             Was a Follower of Trog.
             Succumbed to a kobold's poison
             ... on level 2 of the Dungeon.
             The game lasted 00:02:01 (955 turns).

BlueGoblin the Skirmisher (Vine Stalker Berserker)   Turns: 955, Time: 00:02:02

Health: -1/16      AC: 10    Str: 19    XL:     2   Next: 58%
Magic:  1/3        EV:  6    Int:  7    God:    Trog [*.....]
Gold:   49         SH:  0    Dex: 13    Spells: 1/1 levels left

rFire   . . .      SeeInvis .   a - +0 short sword
rCold   . . .      Faith    .   (no shield)
rNeg    . . .      Spirit   +   g - +0 plate armour
rPois   .          Reflect  .   (no helmet)
rElec   .          Harm     .   (no cloak)
rCorr   .          Rampage  .   (no gloves)
Will    .....                   (no boots)
Stlth   ..........              (no amulet)
HPRegen 0.05/turn               (no ring)
MPRegen 0.08/turn               (no ring)

@: lethally poisoned (-1 -> -9)
A: fangs 2, magic shield, antimagic bite, no potion heal 2
a: Renounce Religion, Berserk


You were on level 2 of the Dungeon.
You worshipped Trog.
Trog was aware of your devotion.
You visited 1 branch of the dungeon, and saw 2 of its levels.

You collected 49 gold pieces.

Inventory:

Hand Weapons
 a - a +0 short sword (weapon)
Armour
 b - a +0 animal skin
 g - a +0 plate armour (worn)
Jewellery
 h - a +6 ring of strength
Scrolls
 c - a scroll of teleportation {unknown}
 d - a scroll of magic mapping {unknown}
 e - a scroll of holy word {unknown}
Potions
 i - a potion of lignification {unknown}


   Skills:
 * Level 3.2 Fighting
 + Level 2.9 Short Blades
 + Level 1.6 Armour
 + Level 1.7 Dodging


You had one spell level left.
You didn't know any spells.
Your spell library was empty.

Dungeon Overview and Level Annotations

Branches:
Dungeon (2/15)

Altars:

Shops:
D:2 *


Innate Abilities, Weirdness & Mutations

You have extremely sharp teeth.
When hurt, damage is shared between your health and your magic reserves.
Your bite disrupts and absorbs the magic of your enemies.
Potions cannot restore your health.


Message History

Found a bubbling orange potion.
There is a stone staircase leading up here.
i - a bubbling orange potion An endoplasm comes into view.
The endoplasm quivers.
An endoplasm is nearby!
Found 9 gold pieces.
The endoplasm hits you but does no damage.
You hit the endoplasm. You bite the endoplasm.
You kill the endoplasm!
Trog accepts your kill.
You now have 49 gold pieces (gained 9).
A kobold comes into view.
It is wielding a +0 dagger and quivering poisoned darts.
A kobold is nearby!
A kobold is nearby!
Found a stone staircase leading up.
The kobold shouts!
You hear a shout!
The kobold drinks a potion.
The kobold flickers and vanishes!
Deactivating autopickup; reactivate with Ctrl-A.
No target in view!
A kobold comes into view.
It is wielding a +3 short sword of speed.
The kobold hits you with a +3 short sword of speed!
You miss something.
The kobold hits you with a +3 short sword of speed.
Something completely misses you.
Non-targeted abil: Berserk
Press: ? - help, Q - select action, (/) - cycle Dir - look around, f - activate You fail to use your ability.
The kobold hits you with a +3 short sword of speed.
* * * LOW HITPOINT WARNING * * *
Something hits you but does no damage. The kobold barely misses you.
Okay, then.
A poisoned dart appears from out of thin air!
The poisoned dart hits you!
You are lethally poisoned!
Found an escape hatch in the floor.
* * * LOW HITPOINT WARNING * * *
You feel sick.
It was a potion of heal wounds.
That seemed strangely inert.
You die...

##.### ##### .. #.##.# #..##
....## #. #.##.#
#.#.######.....# ###..#.##..
...##........#..# #.......###
#######.#.....#..#.#.#..#..###
#....##...... #..#...<.
#..........# ... ##.###
#.....##.#.###... #.#
#.....K@........ #.#
#.....##.##.##.. #.# #....<#
.# ... ##.#### .. ..> #.# #.>
.. #.# ... ... .... #. .....


You could see a kobold.

Vanquished Creatures
  2 worms (D:2)
  2 endoplasms
  2 hobgoblins (D:1)
  A kobold (D:1)
  A ball python (D:1)
  A bat (D:1)
  2 rats
11 creatures vanquished.

Notes
Turn   | Place    | Note
-------+----------+-------------------------------------------
     0 | D:1      | BlueGoblin the Vine Stalker Berserker began the quest for
                  | the Orb.
     0 | D:1      | Reached XP level 1. HP: 11/11 MP: 2/2
   142 | D:1      | Found a faded altar of an unknown god.
   202 | D:1      | You fall into a shaft and drop 1 floor!
   217 | D:2      | Found Ixkynnaz's General Store.
   230 | D:2      | Reached skill level 3 in Fighting
   230 | D:2      | Reached XP level 2. HP: 12/16 MP: 3/3
   955 | D:2      | Succumbed to a kobold's poison

Illustrated notes

Levels and vault maps discovered:
D:1:      dpeg_arrival_tiny_f, layout_basic, hellmonk_ecumenical_altar_blasted
D:2:      layout_loops_cross, serial_shops, nicolae_diamond_shop,
          solitary_fountain, minmay_cut_off

Skill      XL: |  1 |
---------------+----+-----
Fighting       | 3 |  3.2
Short Blades   | |  2.9
Armour         | |  1.6
Dodging        | |  1.7

Action                   || total
-------------------------++-------
Melee: Short sword       ||    22
       Bite              ||     7
Invok: Berserk           ||     4
  Use: Potion            ||     1
 Stab: Sleeping          ||     3
Armor: Plate armour      ||     2
       Animal skin       ||     1
Dodge: Dodged            ||    13

Table legend: (Time is in decaauts)
 A = Elapsed time spent in this place.
 B = Non-inter-level travel time spent in this place.
 C = Inter-level travel time spent in this place.
 D = Time resting spent in this place.
 E = Time spent auto-exploring this place.
 F = Levels seen in this place.
 G = Mean time per level.
                   A        B        C        D        E       F      G
               +--------+--------+--------+--------+--------+-----+--------+
         Total |    989 |    955 |     34 |    192 |    626 |   2 |  494.5 |
       Dungeon |    989 |    955 |     34 |    192 |    626 |   2 |  494.5 |
               +--------+--------+--------+--------+--------+-----+--------+

Top non-repeatable levels by time:
     D:1: 704 daAuts
     D:2: 284 daAuts
